 Dungeon Crawl Stone Soup version 0.30-a0-738-g116ff8c4af (webtiles) character file.

Game seed: 2449521302608754101

496 vineage the Cudgeller (level 7, -1/44 HPs)
             Began as a Gargoyle Fighter on Feb 3, 2023.
             Slain by a gnoll
             ... wielding a +0 spear
              (3 damage)
             ... on level 4 of the Dungeon.
             The game lasted 00:04:17 (3068 turns).

vineage the Cudgeller (Gargoyle Fighter)            Turns: 3068, Time: 00:04:17

Health: -1/44      AC: 11    Str: 19    XL:     7   Next: 15%
Magic:  7/7        EV:  9    Int:  9    God:
Gold:   188        SH:  4    Dex: 11    Spells: 6/6 levels left

rFire   . . .      SeeInvis .    k - +1 mace (holy)
rCold   . . .      Faith    .    c - +0 buckler
rNeg    + . .      Spirit   .    b - +0 scale mail
rPois   ∞          Reflect  .    (no helmet)
rElec   +          Harm     .    (no cloak)
rCorr   .          Rampage  .    (no gloves)
Will    .....                    (no boots) Stlth
                                 (no amulet)
HPRegen 0.27/turn                j - ring of flight
MPRegen 0.10/turn                (no ring)

@: flying
A: sickness immunity, AC +4, negative energy resistance 1, electricity
resistance, torment resistance 1, petrification resistance
a: no special abilities


You were on level 4 of the Dungeon.
You visited 1 branch of the dungeon, and saw 4 of its levels.

You collected 188 gold pieces.

Inventory:

Hand Weapons
 a - a +0 flail
 k - a +1 mace of holy wrath (weapon)
Armour
 b - a +0 scale mail (worn)
 c - a +0 buckler (worn)
Jewellery
 j - a ring of flight (left hand)
Scrolls
 d - a scroll of butterflies {unknown}
 f - 3 scrolls of identify
 m - a scroll of fog {unknown}
 n - a scroll of brand weapon {unknown}
 o - a scroll of blinking {unknown}
Potions
 e - 3 potions of attraction
 g - 3 potions of flight
 h - a potion of brilliance
 i - a potion of mutation


   Skills:
 + Level 5.6 Fighting
 * Level 6.3 Maces & Flails
 - Level 3.2 Armour
 - Level 3.2 Shields


You had 6 spell levels left.
You didn't know any spells.
Your spell library was empty.

Dungeon Overview and Level Annotations

Branches:
Dungeon (4/15)
 Temple: D:4-7

Altars:
The Shining One


Innate Abilities, Weirdness & Mutations

You are immune to sickness and miasma.
Your stone body is resilient. (AC +4)
You are immune to poison.
You resist negative energy. (rN+)
You are resistant to electric shocks. (rElec)
You are resistant to unholy torment.
You are immune to petrification.


Message History

The gnoll hits you but does no damage. You block the gnoll's attack.
You closely miss the gnoll.
The gnoll is lightly wounded.
You block the gnoll's attack. The gnoll closely misses you.
You barely miss the gnoll.
The gnoll is lightly wounded.
The gnoll hits you from afar with a +0 spear.
* * * LOW HITPOINT WARNING * * *
The gnoll barely misses you. x2; You block the gnoll's attack.
You completely miss the gnoll.
The gnoll is lightly wounded.
The gnoll barely misses you. You block the gnoll's attack.
You hit the gnoll.
The gnoll is moderately wounded.
The gnoll hits you from afar with a +0 spear.
* * * LOW HITPOINT WARNING * * *
The gnoll misses you.
You hit the gnoll.
The gnoll is heavily wounded.
The gnoll hits you from afar with a +0 spear.
* * * LOW HITPOINT WARNING * * *
The gnoll hits you with a +0 halberd.
* * * LOW HITPOINT WARNING * * *
You feel better. The gnoll barely misses you.
The gnoll hits you with a +0 halberd.
* * * LOW HITPOINT WARNING * * *
You closely miss the gnoll.
The gnoll is heavily wounded.
The gnoll hits you but does no damage. The gnoll hits you with a +0 halberd.
* * * LOW HITPOINT WARNING * * *
You feel better.
The gnoll hits you from afar with a +0 spear.
* * * LOW HITPOINT WARNING * * *
The gnoll closely misses you.
You sock the gnoll!
You kill the gnoll!
The gnoll hits you from afar with a +0 spear.
* * * LOW HITPOINT WARNING * * *
The gnoll hits you with a +0 spear.
You die...

≈##!.[(..# #......##
##.......# ##.###.##
#........##.# #.# #.##
......)..##.# #.# #.##
#######g'##.# #.###.##
##.g##.# ####......#
#..###.# #........#.
#######.####.# #.##.##.†#.
.......))@.#.# #.##.##..#.
##...#####g#.###.##.......
.....## #.#...........<#.
........##.......#####..#.
.............###........#.
. ......####.# #......#.#.
...## #.# #..###.#.#. .
#.# #..# #.#.# #.# ...#
#.#..


You could see a gnoll.

Vanquished Creatures
  Grinder (D:3)
  A necrophage (D:4)
  2 orc priests (D:2)
  7 gnolls
  2 adders (D:2)
  An adder skeleton (D:3)
  A worm (D:2)
  3 dart slugs
  6 orcs
  5 bats
  7 endoplasms
  4 giant cockroaches
  10 goblins
  5 hobgoblins
  A jackal (D:3)
  5 kobolds
  4 ball pythons
  A frilled lizard (D:1)
  A quokka skeleton (D:3)
  A quokka zombie (D:3)
  8 rats
76 creatures vanquished.

Vanquished Creatures (others)
  3 withered plants (D:3)
3 creatures vanquished.

Grand Total: 79 creatures vanquished

Notes
Turn   | Place    | Note
-------+----------+-------------------------------------------
     0 | D:1      | vineage the Gargoyle Fighter began the quest for the Orb.
     0 | D:1      | Reached XP level 1. HP: 14/14 MP: 1/1
    62 | D:1      | Reached XP level 2. HP: 19/19 MP: 2/2
   180 | D:1      | Found a faded altar of an unknown god.
   396 | D:1      | Reached skill level 3 in Maces & Flails
   397 | D:1      | Reached XP level 3. HP: 24/24 MP: 3/3
  1217 | D:2      | Reached XP level 4. HP: 24/29 MP: 4/4
  1391 | D:2      | Reached skill level 4 in Maces & Flails
  1428 | D:2      | HP: 1/29 [orc priest/+1 hand axe of venom (5)]
  1449 | D:2      | Reached XP level 5. HP: 11/34 MP: 5/5
  2359 | D:3      | Noticed Grinder
  2368 | D:3      | Paralysed by Grinder for 4 turns
  2378 | D:3      | Killed Grinder
  2379 | D:3      | Reached skill level 5 in Fighting
  2379 | D:3      | Reached skill level 5 in Maces & Flails
  2379 | D:3      | Reached XP level 6. HP: 21/40 MP: 6/6
  2624 | D:3      | Found a glowing golden altar of the Shining One.
  3019 | D:4      | Reached skill level 6 in Maces & Flails
  3019 | D:4      | Reached XP level 7. HP: 44/44 MP: 7/7
  3063 | D:4      | HP: 2/44 [gnoll/+0 halberd (2)]
  3068 | D:4      | Slain by a gnoll

Illustrated notes

Levels and vault maps discovered:
D:1:      ncdulo_wetmaze, layout_basic, nicolae_ecumenical_lake_church,
          st_stairs_13
D:2:      wander_river, layout_basic, hangedman_decor_clover_reticule
D:3:      layout_basic, tso_metal_star, serial_undead, serial_undead_c,
          serial_undead_e, serial_undead_d, serial_undead_c, uniq_grinder
D:4:      layout_loops_ring, minitemple, kennysheep_opposing_triangles

Skill      XL: |  1  2  3  4  5  6 |
---------------+-------------------+-----
Maces & Flails | 3 4 5 6 |  6.3
Fighting       | 4 5 |  5.6
Armour         | |  3.2
Shields        | |  3.2

Action                     |  1- 3 |  4- 6 |  7- 9 || total
---------------------------+-------+-------+-------++-------
  Melee: Flail             |   110 |   119 |       ||   229
         Mace              |       |    37 |    20 ||    57
    Use: Potion            |     1 |     3 |     2 ||     6
         Scroll            |       |     7 |       ||     7
 Armour: Scale mail        |    64 |    88 |    19 ||   171
  Dodge: Dodged            |    54 |    89 |    17 ||   160
  Block: Buckler           |    25 |    34 |    10 ||    69

Table legend: (Time is in decaauts)
 A = Elapsed time spent in this place.
 B = Non-inter-level travel time spent in this place.
 C = Inter-level travel time spent in this place.
 D = Time resting spent in this place.
 E = Time spent auto-exploring this place.
 F = Levels seen in this place.
 G = Mean time per level.
                   A        B        C        D        E       F      G
               +--------+--------+--------+--------+--------+-----+--------+
         Total |   3141 |   3084 |     57 |    223 |   2244 |   4 |  785.2 |
       Dungeon |   3141 |   3084 |     57 |    223 |   2244 |   4 |  785.2 |
               +--------+--------+--------+--------+--------+-----+--------+

Top non-repeatable levels by time:
     D:1: 1056 daAuts
     D:3: 1001 daAuts
     D:2: 869 daAuts
     D:4: 214 daAuts
